Map: [ESL] Ancient Cistern

Players

Elazer

  • Race: Zerg Zerg

herO - Winner!

  • Race: Protoss Protoss

Event: IEM Katowice 2023

VOD

Have the link to the VOD?

Description

Time

  • Played on: Feb. 10, 2023, 1:35 p.m.
  • Length: 11:20

All games in this series

Show
View Real Time Build Order
Export as new Build Order

Elazer Zerg 

Build Orders: Hatch First 

Get SALT Encoding   

  12  0:00  Drone  
  13  0:12  Overlord  
  13  0:16  Drone  
  14  0:30  Drone x2  
  16  0:47  Hatchery  
  15  0:50  Drone  
  15  0:54  Drone  
  17  0:58  Drone  
  18  1:08  Extractor  
  17  1:15  Spawning Pool  
  16  1:18  Drone  
  16  1:21  Drone  
  18  1:29  Drone  
  19  1:42  Drone  
  20  1:50  Overlord  
  20  2:02  Queen x2  
  20  2:03  Zergling x2  
  20  2:04  Drone  
  26  2:12  Drone, Zergling x2  
  26  2:13  Metabolic Boost  
  28  2:22  Drone x2  
  30  2:32  Drone x2  
  32  2:40  Queen  
  32  2:44  Overlord  
  34  2:45  Drone  
  35  2:54  Hatchery  
  34  2:59  Queen  
  34  3:04  Drone x2  
  38  3:08  Drone  
  38  3:11  Drone x2  
  41  3:17  Spore Crawler  
  41  3:19  Queen  
  43  3:21  Overlord  
  43  3:29  Drone  
  43  3:30  Overlord  
  44  3:38  Queen  
  44  3:40  Drone  
  47  3:42  Zergling x4  
  47  3:43  Drone x2  
  51  3:49  Drone  
  51  3:50  Spore Crawler  
  51  3:53  Zergling x6  
  54  4:00  Queen  
  54  4:01  Overlord  
  56  4:05  Drone x3  
  56  4:07  Drone  
  60  4:11  Drone x2  
  62  4:22  Overlord  
  62  4:25  Drone x5  
  67  4:35  Zergling x12  
  69  4:40  Overlord  
  68  4:47  Extractor, Lair, Roach Warren  
  68  4:50  Zergling x4  
  68  4:55  Drone x4  
  68  4:59  Drone x2  
  68  5:09  Drone x5  
  68  5:12  Drone x4  
  73  5:19  Drone x4  
  73  5:20  Drone  
  77  5:22  Drone  
  77  5:28  Drone  
  79  5:30  Overlord  
  79  5:34  Zergling x2  
  79  5:35  Zergling x4  
  80  5:37  Zergling x8  
  80  5:40  Evolution Chamber  
  80  5:42  Zergling x4  
  84  5:47  Zergling x2  
  83  5:51  Overlord, Hatchery  
  83  5:53  Extractor  
  83  5:54  Extractor  
  80  5:59  Hydralisk Den, Drone x4  
  82  6:04  Drone x5  
  82  6:09  Zerg Melee Weapons Level 1  
  86  6:15  Zergling x6  
  89  6:22  Zergling x12  
  95  6:27  Overseer  
  95  6:30  Hydralisk  
  95  6:31  Hydralisk x3, Muscular Augments  
  103  6:36  Overlord x2  
  103  6:37  Zergling x4  
  104  6:42  Overlord  
  104  6:52  Hatchery  
  103  6:54  Baneling Nest  
  103  6:55  Hydralisk x4  
  110  7:06  Hydralisk x3, Hatchery  
  110  7:07  Zergling x12  
  121  7:14  Overlord  
  121  7:17  Overlord  
  121  7:22  Overlord  
  120  7:23  Overlord  
  120  7:25  Drone  
  120  7:27  Extractor, Drone  
  121  7:35  Drone x2  
  121  7:36  Drone x5  
  128  7:41  Drone x2  
  129  7:44  Centrifugal Hooks  
  129  7:45  Grooved Spines  
  129  7:46  Hydralisk  
  129  7:47  Hydralisk x2  
  129  7:50  Drone x5  
  139  8:02  Hydralisk x4  
  147  8:05  Zergling x2  
  147  8:06  Zergling x2  
  147  8:09  Zergling x6  
  147  8:12  Zerg Melee Weapons Level 2  
  152  8:20  Zergling x18  
  152  8:24  Extractor  
  152  8:26  Drone x3  
  163  8:27  Baneling  
  163  8:28  Baneling x7  
  163  8:32  Overlord x3  
  163  8:33  Overlord  
  163  8:34  Hydralisk  
  163  8:37  Zergling x2  
  166  8:50  Baneling x10  
  166  8:55  Zergling x36  
  184  8:59  Zergling x2  
  184  9:08  Zergling x14  
  189  9:14  Hydralisk x4  
  196  9:22  Zergling x2  
  188  9:33  Zergling x26  
  149  9:45  Hydralisk  
  149  9:46  Hydralisk x8  
  155  9:53  Zergling x2  
  155  9:54  Zergling x22  
  155  9:57  Infestation Pit  
  155  9:59  Zergling x4  
  166  10:04  Zergling x8  
  170  10:12  Zergling x16  
  168  10:22  Zergling x20  
  168  10:27  Baneling x10  
  163  10:31  Zergling x2  
  163  10:32  Zergling x10  
  157  10:35  Zergling x2  
  157  10:36  Zergling x6  
  157  10:38  Hydralisk x2  
  148  10:46  Hydralisk x8  
  131  10:53  Zergling x12  
Show
View Real Time Build Order
Export as new Build Order

herO Protoss - Winner!

Build Orders: 1 Gate Expand, Oracle Opening 

Get SALT Encoding   

  12  0:00  Probe  
  13  0:13  Pylon  
  13  0:17  Probe (Chrono Boost)  
  14  0:27  Probe (Chrono Boost)  
  15  0:32  Probe (Chrono Boost)  
  16  0:41  Gateway  
  16  0:44  Probe  
  16  0:49  Assimilator  
  17  0:56  Probe  
  18  1:08  Probe  
  19  1:20  Probe  
  20  1:25  Nexus  
  20  1:35  Cybernetics Core  
  20  1:37  Probe  
  21  1:44  Assimilator  
  21  1:49  Probe  
  22  1:55  Pylon  
  22  2:01  Probe (Chrono Boost)  
  23  2:12  Adept  
  23  2:14  Probe (Chrono Boost)  
  26  2:17  Stargate  
  26  2:20  Probe (Chrono Boost)  
  27  2:25  Warp Gate  
  27  2:28  Probe (Chrono Boost)  
  28  2:40  Probe x2 (Chrono Boost)  
  28  2:42  Adept  
  32  2:47  Probe x2 (Chrono Boost)  
  34  2:52  Probe (Chrono Boost)  
  34  2:55  Probe  
  36  2:59  Oracle (Chrono Boost)  
  36  3:04  Probe  
  40  3:07  Pylon, Probe  
  41  3:18  Probe  
  41  3:19  Probe  
  43  3:22  Gateway  
  43  3:28  Oracle (Chrono Boost)  
  43  3:30  Probe  
  43  3:31  Probe  
  48  3:42  Nexus  
  48  3:46  Pylon  
  48  3:47  Probe  
  48  3:48  Probe  
  50  3:55  Assimilator  
  50  3:56  Assimilator  
  50  4:00  Oracle (Chrono Boost)  
  50  4:01  Probe  
  54  4:04  Probe  
  54  4:06  Pylon  
  55  4:14  Stalker  
  58  4:17  Probe x2  
  58  4:20  Forge  
  59  4:24  Twilight Council  
  59  4:29  Adept  
  59  4:30  Probe x2  
  63  4:42  Probe x2  
  63  4:44  Adept  
  67  4:48  Gateway  
  67  4:51  Gateway  
  67  4:53  Protoss Ground Weapons Level 1 (Chrono Boost)  
  67  4:55  Probe x3 (Chrono Boost)  
  70  5:04  Probe x2 (Chrono Boost)  
  70  5:05  Probe (Chrono Boost)  
  71  5:07  Adept x2  
  71  5:08  Blink  
  71  5:10  Probe  
  71  5:11  Probe x2  
  65  5:23  Probe x3  
  65  5:25  Shield Battery  
  65  5:28  Gateway  
  67  5:33  Adept x2  
  70  5:40  Probe x2 (Chrono Boost)  
  70  5:41  Probe (Chrono Boost)  
  71  5:53  Probe x2 (Chrono Boost)  
  71  5:55  Stalker x2  
  78  5:58  Probe (Chrono Boost)  
  78  6:01  Probe (Chrono Boost)  
  78  6:04  Probe (Chrono Boost)  
  78  6:05  Probe (Chrono Boost)  
  78  6:09  Stalker x2  
  84  6:15  Gateway  
  84  6:17  Gateway  
  84  6:19  Pylon  
  84  6:20  Pylon  
  84  6:22  Gateway  
  84  6:25  Pylon  
  84  6:33  Probe  
  84  6:37  Stalker x2  
  84  6:38  Stalker  
  91  6:40  Stalker x2  
  91  6:43  Probe x2  
  91  6:45  Protoss Ground Weapons Level 2 (Chrono Boost), Probe  
  98  6:48  Assimilator x2  
  98  6:55  Probe, Robotics Facility  
  98  6:57  Probe x2  
  101  7:07  Probe  
  102  7:12  Pylon, Probe  
  102  7:13  Probe  
  104  7:19  Probe  
  104  7:21  Stalker x2  
  109  7:25  Pylon  
  109  7:26  Pylon  
  109  7:30  Nexus  
  109  7:33  Shield Battery  
  109  7:35  Photon Cannon  
  109  7:41  Immortal (Chrono Boost)  
  109  7:42  Robotics Facility  
  113  7:47  Robotics Bay  
  113  7:52  Stalker x4  
  121  7:59  Probe x3  
  121  8:05  Pylon x2  
  124  8:11  Probe x3  
  127  8:13  Observer  
  127  8:16  Pylon  
  127  8:17  Pylon  
  128  8:31  Colossus (Chrono Boost)  
  128  8:32  Shield Battery  
  128  8:37  Stalker x5  
  128  8:38  Colossus (Chrono Boost)  
  150  8:44  Stalker x2  
  150  8:46  Extended Thermal Lance (Chrono Boost)  
  154  8:50  Protoss Ground Armor Level 1 (Chrono Boost)  
  154  9:08  Colossus (Chrono Boost)  
  154  9:14  Colossus (Chrono Boost)  
  160  9:17  Stalker x6  
  160  9:22  Stalker  
  180  9:24  Pylon  
  180  9:25  Pylon  
  166  9:39  Stalker  
  166  9:42  Pylon  
  166  9:44  Stalker  
  166  9:45  Stalker x4  
  166  9:49  Stalker x2  
  151  10:07  Shield Battery  
  151  10:10  Stalker x6  
  163  10:16  Stalker x2  
  141  10:33  Zealot  
  134  10:46  Stalker x7  
  121  10:55  Stalker  
  92  11:10  Stalker x3  

Tags
 
Add a new tag
Caveats
  • Supply blocks, unpowered buildings, or Contaminate may cause inaccurate times.
  • Supply counts are checked every 10 seconds.